Map: Emerald City LE

Players

qqq - Winner!

  • Race: Zerg Zerg
  • League: Platinum
  • Spawn Location: 5:00

Massa - Winner!

  • Race: Terran Terran
  • League: Platinum
  • Spawn Location: 5:00

flyhigh

  • Race: Zerg Zerg
  • League: Diamond
  • Spawn Location: 11:00

payLow

  • Race: Terran Terran
  • Spawn Location: 11:00

VOD

Have the link to the VOD?

Description

Time

  • Played on: Jan. 19, 2021, 2:31 p.m.
  • Length: 15:13
Show
View Real Time Build Order
Export as new Build Order

qqq Zerg - Winner!

Build Orders: Hatch First, Brood Lord Corruptor 

Get SALT Encoding   

  12  0:06  Drone  
  13  0:11  Drone  
  14  0:27  Overlord  
  14  0:46  Hatchery  
  13  0:50  Drone  
  13  0:54  Drone  
  15  1:01  Drone  
  15  1:03  Drone  
  17  1:21  Spawning Pool  
  16  1:42  Drone, Extractor  
  16  1:43  Drone x2  
  18  1:59  Drone  
  18  2:00  Drone  
  20  2:13  Extractor  
  19  2:20  Drone, Queen  
  19  2:21  Queen  
  24  2:23  Drone x2  
  24  2:26  Overlord  
  26  2:36  Zergling x2  
  27  2:39  Drone  
  28  2:49  Zergling x2  
  28  3:07  Drone x3  
  28  3:09  Metabolic Boost  
  28  3:11  Zergling x4  
  33  3:13  Hatchery  
  33  3:17  Overlord  
  32  3:22  Drone  
  32  3:25  Zergling x2  
  34  3:33  Lair  
  34  3:35  Zergling x2  
  34  3:36  Drone  
  34  3:40  Drone  
  36  3:57  Zergling x6  
  36  3:58  Zergling x6  
  40  4:13  Zergling x4  
  40  4:14  Zergling x6  
  40  4:17  Zergling x2  
  44  4:18  Overlord  
  44  4:28  Overlord  
  44  4:35  Hatchery  
  44  4:36  Zergling x2  
  44  4:41  Drone, Spire  
  44  4:46  Drone  
  44  4:47  Zergling x2  
  44  4:48  Drone  
  44  4:51  Zergling x2  
  44  4:52  Zergling x2  
  49  5:01  Zergling x6  
  52  5:13  Zergling x2  
  53  5:14  Drone x3  
  50  5:38  Zergling x6  
  51  6:00  Mutalisk x2  
  51  6:02  Drone x2  
  51  6:03  Drone x3  
  60  6:05  Extractor  
  60  6:06  Extractor  
  60  6:10  Drone  
  60  6:11  Extractor  
  57  6:15  Zergling x2  
  57  6:16  Zergling x4  
  44  7:01  Mutalisk x2  
  44  7:03  Drone x5  
  53  7:08  Drone x2  
  53  7:09  Drone  
  56  7:22  Mutalisk  
  56  7:27  Overlord x5  
  58  7:39  Overlord x3  
  58  7:40  Hatchery, Overlord  
  58  7:41  Drone  
  58  7:43  Hatchery  
  57  7:44  Queen  
  57  7:45  Zerg Flyer Weapons Level 1  
  57  7:50  Infestation Pit  
  58  7:51  Mutalisk  
  58  7:54  Drone  
  58  7:55  Drone x4  
  65  8:04  Mutalisk  
  65  8:05  Drone x2  
  69  8:19  Mutalisk  
  67  8:20  Mutalisk, Queen  
  67  8:21  Drone x3  
  67  8:22  Drone  
  67  8:26  Drone  
  78  8:31  Extractor  
  78  8:32  Drone x3, Extractor  
  78  8:33  Drone  
  80  8:45  Hive  
  80  8:47  Mutalisk  
  82  8:49  Drone  
  82  8:55  Mutalisk  
  83  8:56  Overlord  
  83  8:58  Zergling x2  
  83  9:00  Drone x2  
  83  9:01  Drone  
  89  9:05  Drone x2  
  91  9:10  Queen  
  93  9:21  Mutalisk x2  
  97  9:30  Mutalisk  
  97  9:32  Drone x4  
  97  9:33  Drone x3  
  104  9:44  Mutalisk  
  104  9:45  Corruptor  
  104  9:49  Drone x5  
  111  9:58  Drone  
  112  10:01  Extractor x2, Spine Crawler  
  112  10:03  Spine Crawler  
  112  10:05  Extractor  
  112  10:06  Drone x3, Extractor  
  109  10:08  Corruptor  
  109  10:09  Corruptor  
  109  10:14  Viper  
  113  10:19  Drone  
  113  10:20  Drone x4  
  113  10:21  Corruptor  
  123  10:37  Drone x2  
  123  10:38  Drone x4, Corruptor  
  123  10:39  Corruptor  
  123  10:40  Mutalisk  
  135  10:43  Drone  
  136  10:56  Hatchery, Greater Spire  
  135  11:02  Spire  
  134  11:13  Corruptor x2  
  134  11:14  Corruptor x2  
  142  11:20  Overlord  
  142  11:21  Overlord x6  
  142  11:37  Viper x2  
  142  11:41  Overlord  
  142  11:42  Overlord x2  
  142  11:43  Drone x3  
  142  11:44  Drone x2  
  147  12:08  Viper x2  
  147  12:09  Viper  
  156  12:24  Corruptor  
  156  12:25  Corruptor x6  
  170  12:31  Zerg Flyer Weapons Level 2  
  170  12:33  Zerg Flyer Armor Level 1  
  168  13:01  Corruptor x3  
  168  13:03  Brood Lord  
  168  13:04  Brood Lord x2  
  160  13:45  Brood Lord  
  160  13:46  Brood Lord x6  
  160  13:47  Corruptor x2  
  172  13:50  Zergling x4  
  172  13:51  Zergling x16  
  172  13:52  Zergling x4  
  172  13:54  Drone  
  172  13:55  Drone x8  
  191  14:01  Pneumatized Carapace  
  191  14:02  Overseer  
  193  14:09  Corruptor x2  
  193  14:10  Corruptor  
Show
View Real Time Build Order
Export as new Build Order

Massa Terran - Winner!

Build Orders: Hellion Banshee 

Get SALT Encoding   

  12  0:02  SCV  
  13  0:14  SCV  
  14  0:25  Supply Depot  
  14  0:28  SCV  
  15  0:45  Refinery  
  15  0:47  SCV, Barracks  
  16  0:59  SCV  
  17  1:11  SCV  
  18  1:23  SCV  
  19  1:36  Barracks Reactor  
  19  1:41  Orbital Command  
  19  1:49  Command Center  
  19  2:07  Supply Depot  
  19  2:09  SCV  
  19  2:15  Marine  
  21  2:16  Marine  
  22  2:23  Factory  
  22  2:33  SCV, Marine  
  22  2:35  Marine  
  25  2:46  SCV  
  25  2:50  Marine  
  27  2:53  Marine  
  28  3:02  SCV  
  28  3:03  Orbital Command  
  29  3:11  Refinery, Starport  
  29  3:19  Barracks Tech Lab  
  29  3:20  Hellion x2  
  29  3:21  SCV  
  34  3:33  SCV  
  35  3:34  SCV  
  36  3:41  Hellion x2  
  36  3:46  SCV  
  41  3:55  Barracks Tech Lab  
  39  4:15  Hellion x2  
  39  4:16  Banshee  
  40  4:18  Marauder  
  42  4:36  Hellion x2  
  42  4:37  Cloaking Field, Stimpack  
  46  4:48  Supply Depot  
  46  4:49  Supply Depot  
  46  4:52  Supply Depot  
  46  4:55  Engineering Bay  
  46  4:56  Armory  
  46  5:09  Banshee  
  46  5:10  SCV x2  
  45  5:22  SCV x2  
  45  5:25  Hellion x2  
  47  5:32  Marauder  
  47  5:34  SCV x2  
  49  5:46  SCV, Hellion x2  
  54  5:54  Marauder  
  51  6:01  Missile Turret  
  45  6:08  Missile Turret  
  44  6:29  Missile Turret  
  41  6:34  Missile Turret  
  41  6:35  SCV x2  
  38  6:47  SCV x2, Missile Turret  
  38  6:48  Hellion x2, Missile Turret  
  38  6:53  Marine  
  37  6:59  SCV  
  38  7:10  SCV  
  38  7:11  SCV  
  40  7:20  Viking  
  40  7:22  SCV, Marine  
  44  7:24  SCV  
  44  7:28  Barracks  
  45  7:35  SCV  
  45  7:36  SCV  
  47  7:40  Marine  
  48  7:47  SCV  
  48  7:48  SCV  
  47  7:53  Widow Mine  
  47  7:54  Widow Mine  
  51  7:59  SCV  
  51  8:00  SCV  
  53  8:10  Terran Infantry Weapons Level 1, Command Center  
  53  8:11  SCV  
  53  8:12  SCV  
  55  8:14  Refinery  
  55  8:15  Widow Mine x2, Refinery  
  55  8:16  Barracks Reactor  
  59  8:27  Marine  
  60  8:34  Barracks  
  60  8:36  Widow Mine x2  
  60  8:41  Barracks  
  64  8:42  Barracks  
  64  8:43  Barracks  
  64  8:49  Marine  
  64  8:52  Combat Shield  
  64  8:53  Marine x2  
  65  9:03  Engineering Bay  
  65  9:04  Terran Vehicle Weapons Level 1  
  65  9:07  Marine  
  66  9:11  Marine x2  
  68  9:25  Marine  
  69  9:32  Barracks Reactor, Barracks Tech Lab x2  
  69  9:33  Barracks Reactor, Factory Tech Lab, Barracks  
  70  9:38  SCV  
  70  9:39  SCV  
  71  9:50  SCV  
  71  9:51  SCV  
  71  9:52  Command Center  
  73  9:58  Siege Tank  
  76  10:01  Marauder x2  
  76  10:02  SCV, Marauder, Marine  
  76  10:03  SCV  
  85  10:13  Medivac  
  85  10:27  Supply Depot  
  85  10:30  Supply Depot  
  85  10:32  Planetary Fortress  
  85  10:37  Supply Depot  
  85  10:40  Supply Depot  
  85  10:41  Terran Infantry Armor Level 1  
  85  10:49  Marauder, Marine, Medivac, Siege Tank  
  93  10:51  SCV x2, Marine x6  
  93  10:53  Drilling Claws  
  93  10:55  Concussive Shells  
  101  10:59  Marine  
  101  11:03  SCV x2  
  104  11:05  Orbital Command  
  104  11:15  SCV x3  
  107  11:24  Command Center  
  107  11:25  Terran Infantry Weapons Level 2, Supply Depot  
  107  11:26  Supply Depot  
  107  11:27  Supply Depot  
  107  11:28  SCV x3  
  110  11:33  Missile Turret  
  110  11:38  Missile Turret  
  110  11:40  SCV x2  
  110  11:43  Medivac  
  113  11:48  Supply Depot  
  113  11:50  Supply Depot  
  113  11:51  Supply Depot  
  113  11:54  Missile Turret  
  113  12:14  Thor  
  117  12:41  Marauder x2, Marine x6  
  117  12:42  Marine  
  128  12:46  Refinery  
  128  12:47  Refinery  
  128  12:48  SCV  
  128  12:49  SCV x3  
  132  12:54  Refinery  
  132  12:57  Thor  
  138  12:59  Marine x6  
  138  13:00  Marauder  
  138  13:01  SCV x4  
  138  13:02  Marine x2  
  150  13:13  SCV x2  
  150  13:16  Marine  
  150  13:17  Marine  
  126  13:29  Marauder x2, Marine  
  126  13:30  Marauder, Marine x3  
  130  13:34  Marine  
  130  13:35  Marine  
  130  13:40  Siege Tank  
  125  13:47  Marine  
  125  13:48  Marine  
  127  13:51  Marauder x3  
  127  13:52  Marine  
  134  13:57  Medivac  
  135  14:08  Marine  
  135  14:09  Marine x4  
  140  14:10  Marine  
  140  14:12  Marauder x3, Thor  
  153  14:26  Marine  
  153  14:27  Marine x4, Medivac  
  153  14:28  Marine  
  157  14:34  Marauder x3  
  161  14:44  Marine x2  
  161  14:45  Marine x2  
  156  15:09  Command Center  
Show
View Real Time Build Order
Export as new Build Order

flyhigh Zerg 

Build Orders: Hatch First, Muta Ling Bane, Zergling Baneling 

Get SALT Encoding   

  12  0:11  Overlord  
  12  0:13  Drone  
  13  0:29  Drone  
  13  0:30  Drone  
  13  0:33  Drone  
  16  0:51  Hatchery  
  16  0:54  Drone  
  16  0:57  Drone  
  17  1:09  Extractor  
  16  1:13  Spawning Pool  
  16  1:17  Drone  
  16  1:20  Drone  
  17  1:30  Drone  
  18  1:38  Drone  
  19  1:48  Overlord  
  19  2:03  Queen  
  19  2:04  Queen  
  19  2:05  Drone x2  
  25  2:09  Metabolic Boost  
  25  2:17  Drone x2  
  27  2:26  Overlord  
  27  2:33  Drone  
  27  2:34  Drone  
  29  2:38  Drone  
  30  2:49  Queen  
  32  2:52  Drone x2, Baneling Nest  
  33  2:58  Zergling x2  
  33  2:59  Zergling x2  
  33  3:05  Zergling x2  
  36  3:09  Zergling x2  
  37  3:14  Zergling x8  
  37  3:15  Zergling x2  
  42  3:21  Zergling x4  
  44  3:27  Overlord  
  44  3:42  Overlord x2  
  44  3:55  Zergling x12  
  47  4:13  Zergling x2  
  47  4:14  Zergling x14  
  47  4:24  Zergling x2  
  48  4:32  Baneling  
  48  4:33  Baneling x11  
  48  4:45  Zergling x6  
  51  4:46  Zergling x10  
  56  4:55  Zergling x2  
  57  5:02  Zergling x2  
  57  5:06  Drone  
  59  5:15  Hatchery  
  43  5:37  Zergling x14  
  43  5:38  Zergling x4  
  51  5:47  Zergling x2  
  51  5:48  Zergling x6  
  53  5:58  Zergling x4  
  53  6:03  Queen  
  57  6:04  Spore Crawler  
  57  6:07  Spore Crawler  
  54  6:19  Drone  
  54  6:20  Drone x5  
  60  6:29  Baneling x2  
  51  6:49  Zergling x2  
  51  6:50  Drone x7  
  54  7:00  Zergling x2  
  51  7:04  Drone x2, Spore Crawler  
  51  7:05  Drone x4  
  51  7:06  Zergling x2  
  51  7:07  Zergling x2  
  55  7:17  Queen  
  55  7:19  Spore Crawler  
  55  7:20  Zergling x2, Spore Crawler  
  55  7:21  Zergling x2, Spore Crawler  
  55  7:22  Zergling x2  
  57  7:27  Extractor  
  57  7:28  Extractor, Lair  
  55  7:32  Extractor  
  55  7:34  Baneling x4  
  54  7:57  Drone  
  54  7:58  Drone x10  
  65  8:14  Extractor x2  
  62  8:21  Spore Crawler  
  61  8:27  Baneling x2  
  61  8:28  Baneling  
  61  8:34  Overlord  
  61  8:35  Overlord  
  61  8:42  Spire  
  60  9:00  Drone, Overlord x3  
  60  9:01  Overlord x3  
  61  9:05  Centrifical Hooks  
  61  9:13  Hatchery  
  60  9:18  Overlord x4  
  60  9:19  Overlord  
  60  9:23  Overseer  
  60  9:28  Baneling x2  
  60  9:38  Drone x5  
  64  9:54  Mutalisk x11  
  86  10:09  Mutalisk  
  86  10:10  Mutalisk x3  
  94  10:16  Drone x4  
  98  10:22  Overseer  
  98  10:32  Zerg Flyer Armor Level 1  
  98  10:34  Drone x6  
  98  10:35  Drone  
  105  10:46  Spire  
  104  10:51  Drone  
  104  10:52  Drone x5  
  109  11:06  Spore Crawler x2  
  102  11:16  Mutalisk  
  102  11:17  Mutalisk x6  
  116  11:31  Hatchery  
  115  11:44  Mutalisk  
  115  11:45  Mutalisk x5  
  127  12:04  Zergling x2  
  127  12:05  Zergling x20  
  136  12:25  Overlord x6  
  136  12:33  Zergling x2  
  136  12:34  Zergling x2  
  138  12:38  Overlord x5  
  138  12:42  Queen  
  138  12:43  Extractor  
  138  12:44  Drone x5  
  115  13:12  Hydralisk Den  
  89  13:33  Zergling x2  
  75  13:34  Zergling x24  
  75  13:35  Zergling x12  
  91  13:43  Muscular Augments  
  91  13:47  Evolution Chamber  
  91  13:48  Evolution Chamber  
  89  14:02  Hydralisk  
  89  14:03  Hydralisk x10  
  111  14:18  Extractor  
  111  14:21  Baneling x2  
  111  14:22  Baneling x27  
  111  14:23  Baneling x9  
  104  14:40  Hydralisk x7  
  116  14:47  Zergling x2  
  116  14:48  Zergling x6  
  116  14:49  Zergling x2  
Show
View Real Time Build Order
Export as new Build Order

payLow Terran 

Build Orders: Gas First Reaper Expand 

Get SALT Encoding   

  12  0:05  SCV  
  13  0:17  SCV, Supply Depot  
  14  0:25  Refinery  
  14  0:33  SCV  
  15  0:44  Barracks  
  15  0:49  SCV  
  16  1:01  SCV  
  17  1:13  SCV  
  18  1:41  Orbital Command  
  18  1:42  Reaper  
  18  1:55  Factory  
  17  2:17  Command Center  
  17  2:21  Barracks Reactor  
  17  2:22  SCV  
  18  2:30  Supply Depot  
  18  2:34  SCV  
  19  2:46  SCV  
  19  3:09  Hellion x2  
  19  3:10  Starport, SCV  
  24  3:16  Supply Depot  
  24  3:22  SCV  
  24  3:26  Barracks Tech Lab  
  25  3:30  Hellion x2  
  25  3:32  Orbital Command  
  29  3:41  Refinery  
  29  3:46  Starport Reactor  
  25  4:11  Hellion x2  
  25  4:14  SCV x2  
  27  4:26  SCV x2  
  27  4:29  Liberator  
  32  4:31  Liberator  
  32  4:37  Hellion  
  32  4:38  SCV x2  
  38  4:39  Hellion  
  38  4:43  Supply Depot  
  41  4:58  SCV x2, Hellion  
  45  5:01  Hellion  
  45  5:03  Refinery  
  47  5:08  Engineering Bay  
  47  5:10  SCV x2  
  47  5:13  Supply Depot  
  49  5:22  SCV x2  
  45  5:47  Hellion  
  45  5:48  Hellion  
  46  5:50  Viking x2  
  46  5:55  Missile Turret  
  40  5:59  Missile Turret x2  
  40  6:20  Viking x2  
  44  6:37  Hellion x2  
  44  6:38  Concussive Shells  
  44  6:39  Marauder  
  50  6:44  SCV x2  
  52  6:47  Refinery  
  52  6:56  SCV x2  
  49  7:01  Refinery  
  47  7:08  SCV x2  
  47  7:15  Widow Mine x2  
  53  7:16  Marauder  
  53  7:20  SCV x2  
  57  7:32  SCV  
  57  7:33  SCV  
  57  7:36  Widow Mine x2  
  60  7:39  Factory  
  58  7:44  SCV  
  58  7:45  SCV  
  59  7:57  SCV x2, Command Center  
  61  8:09  SCV  
  61  8:11  Missile Turret x2  
  62  8:19  Viking  
  64  8:31  Missile Turret  
  64  8:39  Hellion  
  64  8:40  Hellion  
  68  8:43  Factory Tech Lab  
  68  8:46  Armory  
  68  8:53  Missile Turret  
  68  9:07  SCV x2  
  71  9:11  Orbital Command  
  70  9:17  Liberator  
  70  9:18  Liberator  
  70  9:19  SCV x2  
  76  9:36  Missile Turret  
  76  9:37  Missile Turret, Terran Vehicle Weapons Level 1  
  76  9:40  Supply Depot  
  76  9:50  Orbital Command  
  76  9:55  Thor  
  76  9:59  Supply Depot  
  82  10:02  Widow Mine x2, Drilling Claws  
  82  10:05  Marauder  
  88  10:11  Factory  
  88  10:13  Factory  
  88  10:14  Factory  
  88  10:20  Missile Turret  
  88  10:21  Missile Turret  
  88  10:22  SCV x3  
  91  10:31  Widow Mine x2  
  91  10:34  SCV x3  
  98  10:36  Viking  
  98  10:42  Supply Depot  
  100  10:46  SCV  
  101  10:50  Refinery, Missile Turret  
  101  10:52  Missile Turret  
  101  10:59  Factory Tech Lab x2  
  101  11:00  Factory Reactor  
  101  11:03  SCV, Factory, Medivac  
  104  11:05  Supply Depot  
  104  11:11  Widow Mine x2  
  108  11:21  Infernal Pre-Igniter  
  108  11:26  Viking, Thor  
  116  11:47  Supply Depot  
  116  11:48  Factory Tech Lab  
  116  11:50  SCV  
  116  11:53  Command Center  
  117  12:09  Widow Mine x4, SCV x2  
  125  12:17  Smart Servos  
  125  12:19  Terran Ship Weapons Level 1  
  125  12:23  Armory  
  125  12:25  Armory  
  125  12:30  Hellion  
  125  12:44  Refinery  
  125  12:50  Supply Depot  
  125  12:51  Supply Depot  
  125  13:05  SCV x2, Hellion x2, Thor, Siege Tank  
  140  13:12  SCV, Hellion x2, Thor, Siege Tank  
  148  13:17  SCV x2  
  152  13:28  Hellion x2  
  152  13:34  Hellion  
  154  13:37  Siege Tank  
  136  13:44  Siege Tank  
  136  13:48  Hellion, Siege Tank  
  118  13:49  Orbital Command, Hellion x2  
  118  13:55  Hellion, Siege Tank  
  122  14:09  Siege Tank  
  125  14:16  Siege Tank  
  128  14:18  Orbital Command  
  128  14:20  Siege Tank  
  129  14:27  Siege Tank  
  108  14:44  Hellion  
  108  14:45  Hellion x3  
Tags
 
Add a new tag
Caveats
  • Supply blocks, unpowered buildings, or Contaminate may cause inaccurate times.
  • Supply counts are checked every 10 seconds.